 Dungeon Crawl Stone Soup version 0.28-a0-1199-gef9e1dbd39 (webtiles) character file.

Game seed: 6453950978053010797

110294 ChaosChampion the Eclecticist (level 16, -17/76 HPs)
             Began as a Deep Elf Conjurer on Dec 18, 2021.
             Was a High Priest of Vehumet.
             Blown up by a spellforged servitor (91 damage)
             ... with an orb of destruction
             ... summoned by the player character
             ... on level 6 of the Lair of Beasts on Dec 19, 2021.
             The game lasted 01:16:32 (29287 turns).

ChaosChampion the Eclecticist (Deep Elf Conjurer)  Turns: 29287, Time: 01:16:33

Health: -17/76     AC:  9    Str:  4    XL:     16   Next: 6%
Magic:  35/49      EV: 11    Int: 27    God:    Vehumet [*****.]
Gold:   1910       SH:  0    Dex: 13    Spells: 4/51 levels left

rFire   + . .      SeeInvis .   m - staff of conjuration
rCold   . . .      Faith    .   (no shield)
rNeg    + + .      Spirit   .   n - +1 leather armour of Compression {rElec rPois Int-3}
rPois   +          Reflect  .   J - +2 hat
rElec   +          Harm     .   (no cloak)
rCorr   +          Rampage  .   (no gloves)
Will    +....                   H - +2 pair of boots
Stlth   ++........              e - amulet of regeneration
HPRegen 1.02/turn               U - ring of Wyfye {+Blink rF+ rCorr}
MPRegen 0.31/turn               i - ring "Mahij" {rN++ MP+9 Int-2}

@: no status effects
A: no striking features
a: Renounce Religion, Evoke Blink


You were on level 6 of the Lair of Beasts.
You worshipped Vehumet.
Vehumet was extremely pleased with you.
You visited 5 branches of the dungeon, and saw 23 of its levels.
You visited 1 bazaar.

You collected 4265 gold pieces.
You spent 2355 gold pieces at shops.

Inventory:

Hand Weapons
 D - the +5 longbow of Zyrauph {freeze, Str+6 Int+4 Stlth+}
   (You bought it in a shop in a bazaar)

   Any ammunition fired from it freezes those it strikes, dealing additional
   cold damage.
   It can also slow down cold-blooded creatures.
   Str:       It affects your strength (+6).
   Int:       It affects your intelligence (+4).
   Stlth:     It makes you more stealthy.
 F - the +7 shortbow "Moumigaf" {venom, rN++}
   (You bought it in a shop in a bazaar)

   Any ammunition fired from it poisons the flesh of those it strikes.
   rN:        It greatly protects you from negative energy.
Armour
 n - the +1 leather armour of Compression (worn) {rElec rPois Int-3}
   (You bought it in a shop on level 3 of the Dungeon)

   Int:       It affects your intelligence (-3).
   rElec:     It insulates you from electricity.
   rPois:     It protects you from poison.
 H - a +2 pair of boots (worn)
 J - a +2 hat (worn)
 Q - the +1 chain mail of Shadows and Fog {+Inv rElec rF+ Str-2}
   (You found it on level 1 of the Lair of Beasts)

   Str:       It affects your strength (-2).
   rF:        It protects you from fire.
   rElec:     It insulates you from electricity.
   +Inv:      It lets you turn invisible.
 X - a +1 robe of willpower
Magical Staves
 m - a staff of conjuration (weapon)
Jewellery
 e - an amulet of regeneration (around neck)
 i - the ring "Mahij" (right hand) {rN++ MP+9 Int-2}
   (You found it on level 5 of the Dungeon)

   [ring of magical power]

   Int:       It affects your intelligence (-2).
   rN:        It greatly protects you from negative energy.
   MP:        It affects your magic capacity (+9).
 j - a ring of magical power
 w - a ring of wizardry
 U - the ring of Wyfye (left hand) {+Blink rF+ rCorr}
   (You found it on level 5 of the Lair of Beasts)

   [ring of protection from fire]

   rF:        It protects you from fire.
   +Blink:    It lets you blink.
   rCorr:     It protects you from acid and corrosion.
Wands
 a - a wand of digging (2)
 q - a wand of iceblast (11) (quivered)
 s - a wand of paralysis (18)
 z - a wand of acid (21)
 B - a wand of flame (16)
 G - a wand of mindburst (8)
 P - a wand of polymorph (4)
 T - a wand of charming (4)
Scrolls
 b - a scroll of summoning
 p - 4 scrolls of amnesia
 t - 2 scrolls of magic mapping
 x - 2 scrolls of holy word
 A - 4 scrolls of enchant armour
 C - 8 scrolls of teleportation
 I - 2 scrolls of blinking
 N - 6 scrolls of identify
 Z - a scroll of fog
Potions
 c - 4 potions of haste
 d - 3 potions of magic
 f - 4 potions of brilliance
 h - 8 potions of heal wounds
 l - 4 potions of flight
 v - 5 potions of curing
 E - a potion of mutation
 K - a potion of invisibility
 L - 2 potions of might
 W - 2 potions of berserk rage
 Y - a potion of resistance


   Skills:
 - Level 2.4 Dodging
 - Level 2.4 Stealth
 + Level 18.2 Spellcasting
 + Level 15.9 Conjurations
 - Level 17.5 Hexes
 + Level 9.3 Summonings
 + Level 5.6 Translocations
 - Level 3.0 Air Magic
 - Level 10.0 Earth Magic


You had 4 spell levels left.
You knew the following spells:

 Your Spells              Type           Power      Damage    Failure   Level
a - Magic Dart            Conj           100%       1d8       0%          1
b - Iron Shot             Conj/Erth      48%        9d9       1%          6
c - Fulminant Prism       Conj/Hex       53%        3d23      1%          4
d - Iskenderun's Mystic   Conj/Tloc      90%        2d18      1%          4
e - Swiftness             Air            40%        N/A       3%          3
f - Orb of Destruction    Conj           52%        9d16      1%          7
g - Iskenderun's Battles  Conj           100%       2d15      1%          5
h - Spellforged Servitor  Conj/Summ      48%        N/A       4%          7
n - Lee's Rapid Deconstr  Erth           34%        3d18*     1%          5
x - Tukima's Dance        Hex            88%        N/A       0%          3
z - Blink                 Tloc           100%       N/A       1%          2

Your spell library contained the following spells:

 Spells                   Type           Power      Damage    Failure   Level
 Searing Ray              Conj           100%       2d8       0%          2
 Dazzling Flash           Conj/Hex       100%       N/A       0%          3
 Shock                    Conj/Air       100%       1d9       1%          1
 Ensorcelled Hibernation  Hex/Ice        100%       N/A       1%          2
 Poisonous Vapours        Pois/Air       64%        N/A       1%          2
 Static Discharge         Conj/Air       85%        N/A       1%          2
 Conjure Flame            Conj/Fire      80%        6-21      1%          3
 Lesser Beckoning         Tloc           53%        N/A       1%          3
 Stone Arrow              Conj/Erth      100%       3d13      1%          3
 Sticky Flame             Conj/Fire      80%        2d9       1%          4
 Corpse Rot               Necr/Air       64%        N/A       2%          2
 Ignite Poison            Fire/Tmut/Pois 24%        N/A       2%          3
 Airstrike                Air            20%        N/A       2%          4
 Pain                     Necr           96%        1d8       3%          1
 Spider Form              Tmut/Pois      24%        N/A       10%         3
 Lightning Bolt           Conj/Air       42%        1d62      1%          5
 Summon Mana Viper        Hex/Summ       77%        N/A       1%          5
 Summon Forest            Summ/Tloc      30%        N/A       4%          5
 Starburst                Conj/Fire      40%        6d11      5%          6
 Manifold Assault         Tloc           53%        N/A       9%          5
 Summon Cactus Giant      Summ           33%        N/A       11%         6
 Dispersal                Tloc           26%        N/A       45%         6
 Agony                    Necr           24%        N/A       67%         5
 Excruciating Wounds      Necr           12%        N/A       67%         5
 Storm Form               Tmut/Air       16%        N/A       100%        7
 Disjunction              Tloc           26%        N/A       100%        8
 Maxwell's Capacitive Co  Air            20%        ∞         100%        8


Dungeon Overview and Level Annotations

Branches:
Dungeon (13/15)            Temple (1/1) D:6            Lair (6/6) D:11
  Swamp (0/4) Lair:2        Snake (0/4) Lair:4        Slime (0/5) Lair:6
    Orc (2/2) D:9             Elf (1/3) Orc:2
 Vaults: D:13-14

Altars:
Ashenzari
Cheibriados
Dithmenos
Elyvilon
Fedhas
Gozag
Hepliaklqana
Kikubaaqudgha
Makhleb
Nemelex Xobeh
Okawaru
Qazlal
Ru
Sif Muna
Trog
Uskayaw
Vehumet
Wu Jian
Xom
Yredelemnul
Zin
The Shining One
Jiyva

Shops:
D:3 ::[   Orc:2 :[?!

Portals:
Abyss: D:7
Trove: D:12 (show slimy rune of Zot)

Annotations:
D:7 2 transporters, ChaosChampion's ghost, novice DrTm
Lair:6 5 runed translucent doors, exclusion: door, Conn's ghost, journeyman OpFE; Ybifatz's ghost, journeyman SpEn


Message History

You see here a hydra skeleton.
A lava snake comes into view.
Casting: Iron Shot (dangerous; 1% risk of failure)
Confirm with . or Enter, or press ? or * to list all spells.
Aiming: Iron Shot (dangerous; 1% risk of failure)
Press: ? - help, Shift-Dir - straight line, f - lava snake
Aim: a lava snake (lava, wandering, hasn't noticed you, 58% to hit)
You feel a surge of power!
The iron shot hits the lava snake!!!
You kill the lava snake!
Vehumet accepts your kill.
The fire dragon roars deafeningly!
Magic restored.
Found a large runed translucent door.
Things that are here:
+0 steam dragon scales; a steam dragon skeleton
Casting: Iron Shot (dangerous; 1% risk of failure)
Confirm with . or Enter, or press ? or * to list all spells.
You feel a surge of power!
You conjure a globe of magical energy.
Casting: Iskenderun's Battlesphere (safe; 1% risk of failure)
Confirm with . or Enter, or press ? or * to list all spells.
You feel a surge of power!
You summon a servant imbued with your destructive magic!
A hell hound comes into view.
The hell hound breathes flames at you. The blast of flame hits you. You resist.
The blast of flame hits your spellforged servitor.
Your spellforged servitor resists.
Your spellforged servitor conjures an orb of pure magic.
The hell hound misses you.
Casting: Spellforged Servitor (dangerous; 4% risk of failure)
Confirm with . or Enter, or press ? or * to list all spells.
Aiming: Iron Shot (dangerous; 1% risk of failure)
Press: ? - help, Shift-Dir - straight line, f - hell hound
Aim: a hell hound (ally target, 69% to hit)
You feel a surge of power!
The iron shot hits the hell hound!!!
You kill the hell hound!
Vehumet accepts your kill.
You feel your power returning. The orb of destruction hits you!!!!
Ouch! That really hurt!
You die...

.......### ## ..<..F##
###.. ......## #§ #.#..
.......# #§#§ ....
.......## §≈§# ...
........# #§§≈##..
........# #§≈#...
......### ###≈≈.#
.....#######.##*@#
.....# #8#8..#○☼###≈≈≈
...### ##...)○.§.≈≈≈≈≈≈
..######.....9#≈§.≈§§§§
.####.....÷.§.≈≈.####
..#........)#≈≈.##
)#...÷....##§§≈.#
#.####......§§≈§#. .###
##.......#≈#...


You could see a friendly spellforged servitor (summoned) and a friendly
battlesphere.

Vanquished Creatures
  Rupert (Lair:4)
  Nessos (Lair:4)
  Josephine (Lair:4)
  10 hydras
  Fannar (Lair:2)
  A boulder beetle (D:11)
  A catoblepas (Lair:5)
  12 two-headed ogres
  2 ogre magi (Orc:2)
  A centaur warrior (D:13)
  Sonja (D:11)
  2 deep trolls (Orc:2)
  A lindwurm (Lair:6)
  3 orc knights
  4 deep elf zephyrmancers (Elf:1)
  3 cyclopes
  2 orc sorcerers (Orc:2)
  A manticore (D:11)
  16 elephants
  4 black mambas (Lair:6)
  2 molten gargoyles (Lair:6)
  9 cane toads
  4 rime drakes
  Maggie (D:8)
  A kobold demonologist (D:12)
  6 komodo dragons
  12 trolls
  2 polar bears
  19 blink frogs
  A hornet (D:9)
  10 slime creatures
  An air elemental (Elf:1)
  4 wraiths (Lair:4)
  65 yaks
  2 shadows
  4 wyverns
  2 steam dragons (Lair:6)
  5 basilisks
  4 vampire mosquitoes
  Menkaure (D:4)
  4 nagas (Lair:4)
  4 wargs
  3 hell hounds (Lair:6)
  11 water moccasins
  23 orc warriors
  3 sky beasts
  4 black bears
  A necrophage (D:7)
  11 wolves
  14 centaurs
  20 ogres
  2 phantoms (D:5)
  2 kobold brigands
  9 bullfrogs
  A wyvern zombie (D:6)
  3 scorpions
  2 gnoll sergeants
  10 killer bees (D:9)
  7 wights
  A howler monkey (D:7)
  2 electric eels (D:9)
  3 centaur zombies
  3 lava snakes (Lair:6)
  3 jellies
  A hound (D:6)
  13 orc priests
  2 iguanas
  Natasha (thrice) (D:2)
  20 orc wizards
  15 hell rats
  A howler monkey zombie (D:9)
  8 adders
  A howler monkey skeleton (D:7)
  5 gnolls (D:10)
  10 river rats (Lair:1)
  A white imp (D:5)
  An ufetubus (D:6)
  An adder skeleton (D:4)
  A dart slug (D:3)
  64 orcs
  2 bats
  2 endoplasms
  3 giant cockroaches
  3 goblins
  5 hobgoblins
  8 jackals
  9 quokkas
  4 ball pythons
  A frilled lizard (D:1)
  14 kobolds
  18 rats
  57 fulminant prisms
642 creatures vanquished.

Vanquished Creatures (collateral kills)
  A hydra (Lair:6)
  An elephant (Lair:6)
  A yak (Lair:6)
  4 wolves
7 creatures vanquished.

Vanquished Creatures (others)
  254 fulminant prisms
  49 fungi
  47 plants
350 creatures vanquished.

Grand Total: 999 creatures vanquished

Notes
Turn   | Place    | Note
-------+----------+-------------------------------------------
     0 | D:1      | ChaosChampion the Deep Elf Conjurer began the quest for the
                  | Orb.
     0 | D:1      | Reached XP level 1. HP: 10/10 MP: 6/6
   194 | D:1      | Reached XP level 2. HP: 15/15 MP: 3/8
   205 | D:1      | Learned a level 2 spell: Searing Ray
   919 | D:2      | Reached skill level 4 in Spellcasting
  1018 | D:2      | Noticed Natasha
  1023 | D:2      | Killed Natasha
  1024 | D:2      | Reached XP level 3. HP: 11/19 MP: 3/11
  1179 | D:2      | Noticed Natasha
  1183 | D:2      | Killed Natasha
  1184 | D:2      | Reached skill level 5 in Spellcasting
  1184 | D:2      | Reached skill level 5 in Conjurations
  1233 | D:2      | Found a faded altar of an unknown god.
  1272 | D:2      | Reached XP level 4. HP: 24/24 MP: 9/13
  1277 | D:2      | Learned a level 4 spell: Fulminant Prism
  1282 | D:2      | Learned a level 4 spell: Iskenderun's Mystic Blast
  1285 | D:2      | Learned a level 2 spell: Blink
  1341 | D:2      | Noticed Natasha
  1346 | D:2      | Killed Natasha
  1766 | D:2      | Reached skill level 6 in Spellcasting
  1766 | D:2      | Reached XP level 5. HP: 28/28 MP: 9/15
  2105 | D:3      | Found Jumuorabb's Antique Armour Emporium.
  2254 | D:3      | Reached skill level 1 in Hexes
  2254 | D:3      | Reached skill level 1 in Translocations
  2614 | D:3      | Found Liogesso's Book Shoppe.
  2642 | D:3      | Found Keibomuc's Antique Armour Boutique.
  2648 | D:3      | Bought an ancient leather armour for 154 gold pieces
  2648 | D:3      | Identified the +1 leather armour of Compression {rElec
                  | rPois Int-3} (You bought it in a shop on level 3 of the
                  | Dungeon)
  2801 | D:3      | Found Xais's Book Emporium.
  2878 | D:4      | Found a shimmering altar of Xom.
  2881 | D:4      | Noticed Menkaure
  2915 | D:3      | Reached XP level 6. HP: 32/32 MP: 17/17
  3290 | D:4      | Killed Menkaure
  3901 | D:4      | Found a stormy altar of Qazlal.
  3901 | D:4      | Found a burning altar of Makhleb.
  3973 | D:4      | Noticed a sky beast
  3985 | D:4      | Killed a sky beast
  3986 | D:4      | Reached XP level 7. HP: 34/36 MP: 18/19
  4136 | D:5      | Entered Level 5 of the Dungeon
  4317 | D:5      | Reached skill level 7 in Spellcasting
  4317 | D:5      | Reached skill level 5 in Hexes
  4605 | D:5      | Identified the ring "Mahij" {rN++ MP+9 Int-2}
  4704 | D:5      | Reached XP level 8. HP: 31/41 MP: 15/21
  5206 | D:6      | Reached skill level 8 in Spellcasting
  5811 | D:6      | Found a staircase to the Ecumenical Temple.
  6209 | Temple   | Entered the Ecumenical Temple
  6404 | Temple   | Became a worshipper of Vehumet
  6524 | D:6      | Reached skill level 9 in Spellcasting
  6632 | D:6      | Reached XP level 9. HP: 45/45 MP: 24/24
  6665 | D:6      | Noticed a two-headed ogre
  6683 | D:6      | Killed a two-headed ogre
  6684 | D:6      | Reached skill level 10 in Hexes
  7296 | D:7      | Reached skill level 10 in Spellcasting
  7598 | D:7      | Found a transporter.
  7611 | D:7      | Reached * piety under Vehumet
  7611 | D:7      | Offered knowledge of Shock by Vehumet.
  7728 | D:7      | Found a one-way gate to the infinite horrors of the Abyss.
  7728 | D:7      | Noticed ChaosChampion's ghost (novice DrTm)
  7816 | D:7      | Found a transporter.
  8478 | D:8      | Noticed Maggie
  8486 | D:8      | Killed Maggie
  8487 | D:8      | Reached XP level 10. HP: 50/50 MP: 21/26
  8646 | D:8      | Found a broken altar of Ashenzari.
  9001 | D:8      | Reached skill level 11 in Spellcasting
  9005 | D:8      | Offered knowledge of Scorch by Vehumet.
  9113 | D:8      | Reached ** piety under Vehumet
  9327 | D:8      | Found a glowing silver altar of Zin.
  9327 | D:8      | Found an opulent altar of Gozag.
 10219 | D:9      | Found a shimmering blue altar of Sif Muna.
 10398 | D:9      | Reached skill level 10 in Conjurations
 10427 | D:9      | Found a staircase to the Orcish Mines.
 10824 | D:9      | Reached skill level 12 in Spellcasting
 11836 | D:10     | Entered Level 10 of the Dungeon
 11892 | D:10     | Offered knowledge of Stone Arrow by Vehumet.
 11898 | D:10     | Reached XP level 11. HP: 54/54 MP: 29/29
 11913 | D:10     | Learned a level 3 spell: Stone Arrow
 12141 | D:10     | Reached *** piety under Vehumet
 13017 | D:11     | Reached skill level 1 in Earth Magic
 13071 | D:11     | Reached skill level 13 in Spellcasting
 13510 | D:11     | Noticed a boulder beetle
 13827 | D:11     | Noticed Sonja
 13830 | D:11     | Killed Sonja
 13871 | D:11     | Found a staircase to the Lair.
 13994 | D:11     | Killed a boulder beetle
 14131 | D:11     | Found a gateway to a bazaar.
 14535 | D:12     | Found a portal to a secret trove of treasure.
 15088 | D:12     | Offered knowledge of Mephitic Cloud by Vehumet.
 15238 | D:12     | Noticed a two-headed ogre
 15248 | D:12     | Killed a two-headed ogre
 15249 | D:12     | Reached skill level 14 in Spellcasting
 15249 | D:12     | Reached skill level 15 in Hexes
 15540 | D:13     | Learned a level 3 spell: Swiftness
 15909 | D:13     | Noticed a centaur warrior
 15917 | D:13     | Killed a centaur warrior
 15918 | D:13     | Reached XP level 12. HP: 32/59 MP: 25/32
 16047 | Lair:1   | Entered Level 1 of the Lair of Beasts
 16501 | Lair:1   | Reached skill level 15 in Spellcasting
 16501 | Lair:1   | Reached **** piety under Vehumet
 16615 | Lair:1   | Noticed a five-headed hydra
 16623 | Lair:1   | Killed a five-headed hydra
 17046 | Lair:1   | Offered knowledge of Freezing Cloud by Vehumet.
 17134 | Lair:1   | Identified the +1 chain mail of Shadows and Fog {+Inv rElec
                  | rF+ Str-2}
 17341 | Orc:1    | Entered Level 1 of the Orcish Mines
 17479 | Orc:2    | Entered Level 2 of the Orcish Mines
 17649 | Orc:2    | Noticed a two-headed ogre
 17655 | Orc:2    | Killed a two-headed ogre
 17656 | Orc:2    | Noticed a two-headed ogre
 17668 | Orc:2    | Killed a two-headed ogre
 17856 | Orc:2    | Reached skill level 16 in Spellcasting
 17876 | Orc:2    | Noticed a two-headed ogre
 17879 | Orc:2    | Killed a two-headed ogre
 17883 | Orc:2    | Upgraded the game from 0.28-a0-1190-g77e1c55843 to
                  | 0.28-a0-1199-gef9e1dbd39
 17949 | Orc:2    | Noticed an ogre mage
 17952 | Orc:2    | Killed an ogre mage
 17953 | Orc:2    | Reached XP level 13. HP: 63/63 MP: 35/35
 18892 | Orc:2    | Reached skill level 1 in Air Magic
 18896 | Orc:2    | Reached ***** piety under Vehumet
 18898 | Orc:2    | Offered knowledge of Iron Shot by Vehumet.
 18943 | Orc:2    | Learned a level 6 spell: Iron Shot
 19131 | Orc:2    | Found Mougg's Book Emporium.
 19146 | Orc:2    | Found Nal Kuo's Antique Armour Boutique.
 19151 | Orc:2    | Found Nuahasher's Magic Scroll Shoppe.
 19152 | Orc:2    | Found Poceaplar's Distillery.
 19156 | Orc:2    | Found a staircase to the Elven Halls.
 20102 | Orc:1    | Reached skill level 5 in Earth Magic
 20406 | Orc:1    | Identified 3 scrolls of acquirement
 20406 | Orc:1    | Acquired a staff of conjuration
 20412 | Orc:1    | Acquired 1090 gold pieces
 20611 | Bazaar   | Entered a bazaar
 20619 | Bazaar   | Found Iqylohiyng's Antique Weapon Boutique.
 20627 | Bazaar   | Found Zid Edod's Magic Scroll Boutique.
 20635 | Bazaar   | Bought a scroll of identify for 16 gold pieces
 20635 | Bazaar   | Bought a scroll of identify for 16 gold pieces
 20638 | Bazaar   | Found Kisurr's General Store.
 20649 | Bazaar   | Found Ejutuamia's Antique Armour Shop.
 20657 | Bazaar   | Found Efast's Jewellery Shop.
 20687 | Bazaar   | Bought a slimy longbow for 218 gold pieces
 20687 | Bazaar   | Identified the +5 longbow of Zyrauph {freeze, Str+6 Int+4
                  | Stlth+} (You bought it in a shop in a bazaar)
 20687 | Bazaar   | Bought a twisted shortbow for 184 gold pieces
 20687 | Bazaar   | Identified the +7 shortbow "Moumigaf" {venom, rN++} (You
                  | bought it in a shop in a bazaar)
 20891 | D:3      | Bought a book of Power for 420 gold pieces
 20899 | D:3      | Learned a level 5 spell: Iskenderun's Battlesphere
 20907 | D:3      | Learned a level 7 spell: Spellforged Servitor
 21247 | Elf:1    | Entered Level 1 of the Elven Halls
 21251 | Elf:1    | Reached skill level 1 in Summonings
 21311 | Orc:2    | Bought a scroll of identify for 28 gold pieces
 21311 | Orc:2    | Bought a scroll of identify for 28 gold pieces
 21311 | Orc:2    | Bought a scroll of identify for 28 gold pieces
 21311 | Orc:2    | Bought a scroll of enchant armour for 105 gold pieces
 21316 | Orc:2    | Bought a potion of curing for 48 gold pieces
 21316 | Orc:2    | Bought a potion of heal wounds for 80 gold pieces
 21322 | Orc:2    | Bought a pair of embroidered boots for 262 gold pieces
 21332 | Orc:2    | Bought a book of the Warp for 384 gold pieces
 21332 | Orc:2    | Bought a book of Blasting for 384 gold pieces
 21339 | Orc:2    | Learned a level 5 spell: Lee's Rapid Deconstruction
 22183 | Lair:2   | Reached skill level 15 in Conjurations
 22289 | Lair:2   | Found a shadowy altar of Dithmenos.
 22458 | Lair:2   | Noticed Fannar
 22464 | Lair:2   | Killed Fannar
 22662 | Lair:2   | Found a staircase to the Swamp.
 23233 | Lair:3   | Reached XP level 14. HP: 68/68 MP: 36/36
 23263 | Lair:3   | Reached skill level 5 in Summonings
 23881 | Lair:4   | Noticed Rupert
 23888 | Lair:4   | Killed Rupert
 24076 | Lair:4   | Found a stormy altar of Qazlal.
 24086 | Lair:4   | Offered knowledge of Flame Wave by Vehumet.
 24220 | Lair:4   | Noticed Josephine
 24226 | Lair:4   | Killed Josephine
 24573 | Lair:4   | Noticed Nessos
 24585 | Lair:4   | Killed Nessos
 24713 | Lair:4   | Found a staircase to the Snake Pit.
 25300 | Lair:5   | Identified the ring of Wyfye {+Blink rF+ rCorr}
 26554 | Lair:6   | Entered Level 6 of the Lair of Beasts
 27424 | Lair:6   | Reached skill level 10 in Earth Magic
 27514 | Lair:6   | Found a runed translucent gate.
 27515 | Lair:6   | Found a runed translucent gate.
 27515 | Lair:6   | Noticed Ybifatz's ghost (journeyman SpEn)
 27516 | Lair:6   | Found a runed translucent gate.
 27517 | Lair:6   | Noticed Conn's ghost (journeyman OpFE)
 28238 | Lair:5   | Learned a level 3 spell: Tukima's Dance
 28333 | Lair:6   | Offered knowledge of Orb of Destruction by Vehumet.
 28428 | Lair:6   | Found a runed translucent door.
 28428 | Lair:6   | Found a viscous altar of Jiyva.
 28428 | Lair:6   | Noticed an azure jelly
 28429 | Lair:6   | Noticed an azure jelly
 28431 | Lair:6   | Noticed an azure jelly
 28436 | Lair:6   | Found a staircase to the Slime Pits.
 28691 | Lair:6   | Acquired 923 gold pieces
 28701 | Lair:6   | Reached skill level 18 in Spellcasting
 28701 | Lair:6   | Reached XP level 15. HP: 72/72 MP: 39/39
 28710 | Lair:6   | Learned a level 7 spell: Orb of Destruction
 28728 | Lair:6   | Reached skill level 5 in Translocations
 28747 | Lair:6   | Reached XP level 16. HP: 76/76 MP: 31/40
 29280 | Lair:6   | Found a large runed translucent door.
 29287 | Lair:6   | Blown up by a spellforged servitor

Illustrated notes

Levels and vault maps discovered:
D:1:      dpeg_arrival_court, layout_basic
D:2:      layout_loops_ring, chequers_ecumenical_altar_lobes, uniq_natasha
D:3:      layout_rooms, serial_shops, shop, nicolae_square_shop,
          nicolae_shop_hallway_plus, shop
D:4:      wander_river, layout_basic, amcnicky_altar_gilded,
          gammafunk_temple_overflow_statue, kennysheep_generic_room_10,
          uniq_menkaure
D:5:      layout_basic, grunt_ministairs_4
D:6:      kennysheep_spiral_hall, layout_cave_pools, minmay_temple_entry_trees
D:7:      layout_basic, gammafunk_ghost_abyssal_escape, lightli_orcish_oven
D:8:      layout_loops_ring, grunt_temple_overflow_gold_and_silver,
          nicolae_ashenzari_panopticon, uniq_maggie
D:9:      layout_loops_corners, david_orc_1_choice, hellmonk_bongcloud_opening,
          kennysheep_diamond
D:10:     layout_stronghold, hangedman_abyss_or_decor_clamps
D:11:     layout_roguey, lair_entry_dummy, serial_shops, statue_bzr,
          minmay_misc_feat_secret_circle, uniq_sonja
D:12:     layout_cave_pools, enter_trove_2
D:13:     layout_basic, skrybe_vaults_entry_preservation, st_stairs_10
Temple:   nicolae_temple_elliptical
Lair:1:   lemuel_ratsnest, layout_chaotic_city, grunt_megastairs_1
Lair:2:   layout_regular_city, swamp_mist_pool, basic_altar, grunt_megastairs_2,
          infiniplex_staircase_pool, uniq_fannar
Lair:3:   layout_gridlike
Lair:4:   layout_layer_cave, minmay_snake_entry_guardpost_small,
          nicolae_quartered_pool_little, lemuel_centaur_altar, uniq_josephine,
          uniq_rupert, uniq_nessos
Lair:5:   layout_small_grid, grunt_megastairs_5
Lair:6:   cheibrodos_lair_end_hotspot, layout_regular_city, slime_altar_2,
          gammafunk_ghost_cemetery
Orc:1:    nicolae_orc_accident_1, layout_caves
Orc:2:    st_orc_open, layout_caves
Elf:1:    nicolae_elf_arrival_aired_out, layout_loops_corners, serial_shops,
          nicolae_shop_waterfront, shop, shop_fountains, nicolae_shop_trees,
          nicolae_shop_behind_doors, basic_altar, kennysheep_underground_church,
          amcnicky_mini_rare_corridor_liquid

Skill      XL: |  1  2  3  4  5  6  7  8  9 10 11 12 13 14 15 |
---------------+----------------------------------------------+-----
Spellcasting   | 4 5 6 7 9 10 12 14 16 18 | 18.2
Conjurations   | 5 6 7 9 10 12 13 15 | 15.9
Hexes          | 2 4 6 9 12 13 15 17 | 17.5
Translocations | 1 3 4 5 |  5.6
Earth Magic    | 3 6 10 | 10.0
Air Magic      | 3 |  3.0
Summonings     | 4 8 9 |  9.3
Dodging        | |  2.4
Stealth        | |  2.4

Action                   |  1- 3 |  4- 6 |  7- 9 | 10-12 | 13-15 | 16-18 || total
-------------------------+-------+-------+-------+-------+-------+-------++-------
Melee: Unarmed           |       |       |       |     3 |       |       ||     3
       Staff             |       |       |       |       |    20 |       ||    20
 Cast: Magic Dart        |    35 |    38 |    66 |    76 |   156 |     4 ||   375
       Searing Ray       |     3 |    29 |    58 |    23 |       |       ||   113
       Iskenderun's Myst |       |     2 |    11 |    64 |    46 |       ||   123
       Fulminant Prism   |       |     2 |    52 |   103 |   142 |    12 ||   311
       Stone Arrow       |       |       |       |   163 |    41 |       ||   204
       Swiftness         |       |       |       |     1 |     3 |       ||     4
       Iron Shot         |       |       |       |       |    99 |    10 ||   109
       Iskenderun's Batt |       |       |       |       |    12 |     1 ||    13
       Blink             |       |       |       |       |     2 |       ||     2
       Spellforged Servi |       |       |       |       |     5 |     1 ||     6
       Orb of Destructio |       |       |       |       |     1 |       ||     1
  Use: Scroll            |       |       |     6 |     8 |    17 |       ||    31
       Potion            |       |       |       |     1 |     4 |       ||     5
Armor: Robe              |       |     2 |       |       |       |       ||     2
       Leather armour    |       |     2 |    15 |    14 |    14 |       ||    45
Dodge: Dodged            |     1 |    12 |    34 |    61 |    29 |     1 ||   138

Table legend: (Time is in decaauts)
 A = Elapsed time spent in this place.
 B = Non-inter-level travel time spent in this place.
 C = Inter-level travel time spent in this place.
 D = Time resting spent in this place.
 E = Time spent auto-exploring this place.
 F = Levels seen in this place.
 G = Mean time per level.
                   A        B        C        D        E       F      G
               +--------+--------+--------+--------+--------+-----+--------+
         Total |  29388 |  27061 |   2327 |   4981 |  17770 |  24 | 1224.5 |
       Dungeon |  16944 |  15357 |   1587 |   2389 |  10829 |  13 | 1303.4 |
        Temple |    216 |    198 |     18 |      0 |    159 |   1 |  216.0 |
          Lair |   8718 |   8339 |    379 |   1700 |   5306 |   6 | 1453.0 |
  Orcish Mines |   3362 |   3021 |    341 |    860 |   1427 |   2 | 1681.0 |
   Elven Halls |     57 |     57 |      0 |     32 |      0 |   1 |   57.0 |
        Bazaar |     88 |     88 |      0 |      0 |     49 |   1 |   88.0 |
               +--------+--------+--------+--------+--------+-----+--------+

Top non-repeatable levels by time:
     D:9: 2177 daAuts
   Orc:2: 2143 daAuts
  Lair:6: 1906 daAuts
  Lair:1: 1650 daAuts
    D:11: 1618 daAuts
    D:10: 1602 daAuts
  Lair:4: 1561 daAuts
  Lair:5: 1536 daAuts
     D:8: 1524 daAuts
     D:5: 1508 daAuts
     D:7: 1493 daAuts
     D:6: 1313 daAuts
     D:2: 1273 daAuts
     D:4: 1251 daAuts
   Orc:1: 1218 daAuts
